Map: Arctic Dream LE

Players

Shiro - Winner!

  • Race: Protoss Protoss
  • Spawn Location: 6:00

A.I. 1 (Very Easy)

  • Race: Terran Terran
  • Spawn Location: 11:00

VOD

Have the link to the VOD?

Description

Time

  • Played on: May 2, 2020, 11:47 a.m.
  • Length: 7:53
Show
View Real Time Build Order
Export as new Build Order

Shiro Protoss - Winner!

Build Orders: 1 Gate Expand, Blink Stalkers 

Get SALT Encoding   

  12  0:00  Probe  
  13  0:13  Probe  
  14  0:17  Pylon  
  14  0:25  Probe  
  15  0:37  Gateway, Probe (Chrono Boost)  
  16  0:47  Probe (Chrono Boost)  
  17  0:52  Probe (Chrono Boost), Assimilator  
  18  1:05  Probe (Chrono Boost)  
  19  1:13  Probe (Chrono Boost)  
  20  1:26  Nexus  
  20  1:33  Cybernetics Core  
  20  1:36  Probe  
  21  1:41  Assimilator  
  21  1:48  Probe  
  21  1:51  Pylon  
  22  2:00  Probe  
  23  2:11  Twilight Council  
  23  2:12  Warp Gate  
  23  2:14  Probe  
  24  2:18  Stalker  
  26  2:27  Probe (Chrono Boost)  
  27  2:38  Probe (Chrono Boost)  
  27  2:39  Probe (Chrono Boost)  
  29  2:47  Probe (Chrono Boost)  
  29  2:48  Probe (Chrono Boost), Blink  
  31  2:52  Probe (Chrono Boost)  
  31  2:53  Probe  
  35  3:04  Probe  
  35  3:05  Probe  
  35  3:07  Robotics Facility  
  35  3:16  Probe (Chrono Boost)  
  35  3:18  Assimilator  
  37  3:20  Stalker, Probe (Chrono Boost)  
  40  3:28  Probe (Chrono Boost)  
  40  3:33  Probe (Chrono Boost)  
  41  3:34  Probe (Chrono Boost)  
  42  3:41  Probe  
  42  3:44  Gateway  
  42  3:45  Gateway  
  43  3:50  Gateway  
  43  3:51  Gateway  
  43  3:53  Gateway  
  43  3:58  Gateway  
  43  4:04  Warp Prism  
  43  4:07  Probe  
  46  4:12  Pylon  
  46  4:13  Pylon  
  46  4:20  Assimilator  
  46  4:30  Probe x2  
  48  4:32  Stalker  
  50  4:40  Stalker  
  50  4:42  Probe x2  
  54  4:55  Pylon  
  54  4:56  Pylon  
  54  5:00  Stalker x4  
  62  5:16  Stalker x3  
  68  5:24  Stalker x2  
  68  5:25  Stalker  
  68  5:26  Stalker  
  76  5:30  Pylon  
  76  5:31  Pylon  
  76  5:40  Stalker  
  78  5:49  Stalker  
  80  5:50  Stalker x3  
  80  5:51  Stalker  
  80  5:55  Stalker  
  90  6:01  Pylon x2  
  90  6:06  Stalker  
  92  6:13  Stalker  
  94  6:20  Stalker x2  
  94  6:22  Stalker  
  100  6:28  Stalker  
  100  6:29  Stalker  
  104  6:37  Stalker  
  104  6:38  Stalker  
  108  6:42  Pylon  
  108  6:48  Pylon  
  108  6:53  Stalker  
  110  7:00  Stalker  
  110  7:01  Stalker x2  
  116  7:09  Stalker  
  116  7:10  Stalker  
  120  7:25  Pylon x2  
  120  7:33  Stalker  
  120  7:34  Stalker x2  
  126  7:43  Stalker  
  126  7:44  Stalker x2  
Show
View Real Time Build Order
Export as new Build Order

A.I. 1 (Very Easy) Terran 

Build Orders:  

Get SALT Encoding   

  12  0:00  SCV  
  13  0:13  SCV  
  14  0:18  Supply Depot  
  14  0:37  Refinery  
  14  0:42  Barracks  
  14  1:03  Supply Depot  
  14  1:11  Refinery  
  14  1:29  Orbital Command, Marine  
  15  1:54  SCV  
  16  2:02  Marine  
  16  2:06  SCV  
  18  2:19  SCV  
  19  2:31  SCV  
  19  2:35  Marine  
  21  2:43  SCV  
  22  2:55  SCV  
  23  5:48  SCV  
  23  5:49  Marine  
  24  5:50  Supply Depot  
  24  5:52  Factory  
  25  6:12  SCV  
  25  6:16  Supply Depot  
  26  6:24  Barracks Tech Lab, SCV  
  27  6:36  SCV  
  27  6:37  Starport  
  28  6:43  Command Center, Marauder  
  29  6:48  SCV  
  28  7:14  Starport Tech Lab  
  28  7:17  Marine  
  28  7:31  Supply Depot  
  27  7:38  SCV  
Tags
 
Add a new tag
Caveats
  • Supply blocks, unpowered buildings, or Contaminate may cause inaccurate times.
  • Supply counts are checked every 10 seconds.